Map: Solaris LE

Players

doodledinks - Winner!

  • Race: Terran Terran
  • League: Master
  • Spawn Location: 1:00

Bitcoin

  • Race: Zerg Zerg
  • League: Master
  • Spawn Location: 7:00

VOD

Have the link to the VOD?

Description

Time

  • Played on: Jan. 19, 2024, 10:05 p.m.
  • Length: 25:21
Show
View Real Time Build Order
Export as new Build Order

doodledinks Terran - Winner!

Build Orders:  

Get SALT Encoding   

  12  0:00  SCV  
  13  0:12  SCV  
  14  0:20  Supply Depot  
  14  0:24  SCV  
  15  0:29  Refinery  
  15  0:41  SCV  
  16  0:44  Barracks  
  16  0:53  SCV  
  17  1:02  Barracks  
  17  1:12  SCV  
  18  1:24  SCV  
  19  1:31  Reaper  
  20  1:36  Orbital Command  
  20  1:49  Reaper  
  21  2:01  Command Center  
  21  2:08  Marine  
  21  2:10  SCV  
  23  2:18  Factory  
  23  2:22  Barracks Tech Lab  
  23  2:42  Barracks Reactor  
  23  3:03  Refinery  
  23  3:05  Command Center  
  23  3:11  Starport  
  23  3:12  Marine  
  23  3:13  SCV  
  23  3:18  Orbital Command  
  25  3:20  Marine  
  26  3:30  Marine x2  
  26  3:31  Factory Reactor  
  26  3:34  SCV  
  27  3:42  Marine  
  28  3:52  Marine x2  
  28  3:53  Stimpack  
  28  3:55  SCV x2  
  32  4:07  SCV x2  
  32  4:08  Refinery  
  34  4:15  Marine x3  
  37  4:19  SCV x2  
  37  4:22  Orbital Command  
  39  4:28  Supply Depot  
  39  4:32  Medivac x2  
  39  4:37  Factory Reactor  
  44  4:38  SCV x2  
  44  4:43  Marine x3  
  48  4:50  SCV  
  48  4:51  Supply Depot  
  49  4:53  SCV  
  49  4:55  SCV, Refinery  
  51  5:02  SCV  
  51  5:06  SCV  
  53  5:07  Marine x2  
  53  5:08  Marine  
  56  5:20  Widow Mine x2  
  60  5:24  Engineering Bay  
  60  5:25  Marine, Engineering Bay  
  60  5:27  Orbital Command  
  60  5:28  Marine x2, Medivac x2  
  65  5:29  SCV  
  65  5:31  SCV  
  69  5:55  Terran Infantry Weapons Level 1, Terran Infantry Armor Level 1  
  69  5:58  Supply Depot  
  69  6:03  Supply Depot, Marine x3, SCV x2  
  74  6:08  SCV  
  75  6:15  SCV x2  
  77  6:20  Marine  
  77  6:22  Marine  
  77  6:23  Marine  
  77  6:25  SCV  
  81  6:27  SCV  
  81  6:29  Armory  
  81  6:32  Barracks  
  82  6:34  SCV  
  82  6:37  SCV  
  82  6:38  Marine  
  85  6:42  SCV  
  85  6:43  Marine  
  87  6:49  Barracks  
  87  6:50  Factory  
  87  6:52  Bunker  
  87  6:53  Barracks  
  87  7:01  Marine x3  
  85  7:03  Widow Mine x2  
  92  7:09  SCV  
  93  7:18  SCV  
  93  7:26  Supply Depot  
  93  7:31  Medivac x2, Marine x2  
  93  7:32  Combat Shield, Barracks Tech Lab, SCV x2  
  93  7:33  Marine  
  101  7:41  Barracks Reactor  
  101  7:42  Barracks Reactor  
  101  7:43  Factory Tech Lab, Supply Depot  
  101  7:45  Supply Depot  
  101  7:47  Supply Depot x2, SCV x3  
  101  7:49  Marine x2  
  101  7:50  Supply Depot  
  106  7:58  Marine x2  
  108  8:09  Supply Depot  
  108  8:10  Marine x2  
  108  8:12  Siege Tank, Medivac x2, Widow Mine x2  
  116  8:16  Marauder, Marine  
  116  8:19  Refinery  
  123  8:20  Refinery  
  123  8:21  Marine x2  
  123  8:24  Command Center  
  125  8:30  Supply Depot  
  124  8:37  Marine  
  124  8:38  Marine x4  
  124  8:39  Widow Mine, Marine  
  124  8:40  SCV, Widow Mine  
  137  8:42  Terran Infantry Weapons Level 2  
  137  8:43  Terran Infantry Armor Level 2  
  131  9:09  Marine x4  
  129  9:16  Supply Depot  
  112  9:27  Supply Depot  
  112  9:28  Marine x5  
  112  9:29  Marauder x2, Marine  
  122  9:34  Ghost Academy  
  122  9:43  Command Center  
  122  9:44  Siege Tank, Widow Mine  
  127  9:46  Barracks, Marine x2  
  127  9:48  Barracks  
  127  9:50  Marauder x2  
  117  10:07  Marine x3  
  117  10:08  Marine x3  
  117  10:11  Marauder  
  117  10:12  Barracks, Marauder  
  127  10:16  Siege Tank, SCV  
  127  10:17  Terran Vehicle Weapons Level 1, SCV  
  127  10:19  Barracks  
  127  10:20  Concussive Shells  
  132  10:21  Barracks  
  132  10:23  SCV  
  132  10:25  Marine  
  132  10:26  Planetary Fortress  
  134  10:29  SCV x2  
  134  10:32  Marine x3  
  134  10:33  Marauder x2  
  134  10:35  Widow Mine, SCV  
  146  10:36  Widow Mine  
  146  10:41  SCV x2  
  150  10:43  Marine  
  150  10:46  Marine  
  152  10:54  Marauder x2  
  156  11:09  Marine  
  156  11:10  Marine x4  
  156  11:11  Barracks Tech Lab, Marine x3  
  164  11:16  Marauder x2  
  168  11:28  SCV x3  
  168  11:29  Marine x3, SCV  
  170  11:37  Orbital Command, Marauder  
  172  11:40  SCV x2  
  172  11:41  SCV x2  
  172  11:44  Command Center  
  172  11:45  Marine  
  172  11:46  Barracks Tech Lab, Marauder x2, Marine  
  182  11:47  Siege Tank, Widow Mine x2  
  136  12:11  Marauder, Marine x2  
  136  12:12  Ghost x3, Barracks Tech Lab, Marine  
  147  12:19  Siege Tank, Widow Mine  
  147  12:20  Liberator  
  147  12:22  SCV x3  
  158  12:23  SCV  
  158  12:28  SCV  
  160  12:32  Ghost, Refinery  
  160  12:33  Ghost  
  160  12:34  SCV x3, Refinery  
  167  12:40  Ghost x2  
  171  12:51  Marauder, Marine  
  172  12:56  Marine  
  175  13:01  Marauder  
  175  13:02  Ghost  
  160  13:09  Ghost  
  157  13:16  SCV  
  157  13:17  SCV x4  
  132  13:28  SCV  
  132  13:29  SCV x4  
  133  13:39  Ghost x2, Marine x2  
  133  13:40  Command Center, Ghost, Marine x2  
  133  13:41  Siege Tank, Liberator x2, Widow Mine x2, SCV x4  
  139  14:14  Ghost x2, Marine x2  
  141  14:19  Ghost  
  141  14:20  Ghost, Marine x2  
  141  14:21  Marauder, Marine  
  145  14:26  Marine  
  145  14:27  Widow Mine x2  
  145  14:29  SCV x3  
  153  14:33  Planetary Fortress  
  153  14:38  SCV  
  153  14:39  Marine, SCV  
  153  14:40  Marine  
  153  14:41  SCV  
  153  14:43  Marauder  
  153  14:44  Siege Tank  
  163  14:51  Command Center  
  163  15:07  SCV x2  
  163  15:09  Missile Turret  
  163  15:10  Supply Depot  
  165  15:19  Terran Infantry Armor Level 3, Terran Infantry Weapons Level 3  
  165  15:20  Terran Vehicle And Ship Armor Level 1  
  165  15:24  SCV x2  
  167  15:28  Missile Turret  
  167  15:29  Missile Turret  
  167  15:30  Orbital Command, Missile Turret  
  167  15:32  Unknown, Missile Turret  
  167  15:38  Missile Turret  
  167  15:39  Ghost  
  167  15:40  Missile Turret, Marine x2  
  167  15:41  Marine  
  167  15:42  Missile Turret, Widow Mine  
  174  15:48  Marine x2  
  171  16:10  Ghost x2, Marine x3  
  171  16:11  Marauder, Marine  
  180  16:13  Orbital Command  
  180  16:15  Supply Depot  
  180  16:16  Missile Turret  
  180  16:28  Command Center  
  180  16:30  Ghost, Marine  
  183  16:33  Marine  
  183  16:39  SCV x2  
  186  16:55  Ghost, Marine x2  
  186  16:56  Widow Mine  
  186  16:57  Command Center  
  186  16:58  Missile Turret  
  192  17:01  Armory  
  170  17:45  Medivac x2  
  170  17:47  Siege Tank, Widow Mine x2  
  181  17:52  Command Center  
  181  17:55  Missile Turret  
  181  17:57  Missile Turret  
  157  18:17  Marine x2  
  157  18:18  Marauder x3, Marine x3  
  157  18:19  Siege Tank, Widow Mine x2, Marauder  
  177  18:20  Medivac x2  
  177  18:22  Command Center  
  177  18:25  Missile Turret x2  
  179  18:28  Missile Turret  
  179  18:29  Missile Turret  
  150  18:50  Liberator  
  150  18:51  Siege Tank  
  152  19:00  Ghost x2, Marine x3  
  152  19:01  Marauder x3, Marine x2  
  167  19:04  Marine  
  167  19:06  Cyclone, Widow Mine  
  172  19:12  Planetary Fortress  
  172  19:16  Refinery  
  172  19:18  Refinery  
  172  19:21  Ghost  
  174  19:27  Ghost, Marine x4  
  174  19:28  Marine x2  
  182  19:36  Planetary Fortress  
  182  20:04  Ghost x2, Reaper, Marine  
  182  20:05  Marine  
  182  20:06  Siege Tank, Liberator, Widow Mine x2  
  199  20:09  Hi-Sec Auto Tracking, Neosteel Armor  
  199  20:12  Terran Vehicle And Ship Armor Level 2  
  199  20:15  Marine  
  164  20:44  Ghost x2, Marine  
  164  20:45  Ghost, Marine x3  
  164  20:46  Siege Tank, Widow Mine x2  
  181  20:53  Liberator  
  184  21:08  Fusion Core  
  184  21:14  Marine x2  
  184  21:15  Ghost, Marine x4  
  192  21:27  Missile Turret  
  192  21:28  Missile Turret  
  119  22:12  Siege Tank, Widow Mine  
  119  22:13  Liberator x2  
  130  22:17  Command Center  
  130  22:19  Factory  
  130  22:23  Factory  
  130  22:26  SCV x5  
  130  22:27  Factory  
  135  22:30  Barracks  
  135  22:32  Barracks  
  135  22:36  Missile Turret  
  135  22:37  Missile Turret x2  
  135  22:44  Starport  
  135  22:45  Siege Tank, Widow Mine x2  
  135  22:46  Barracks Tech Lab  
  135  22:47  Ghost, Barracks Tech Lab, Marine  
  135  22:48  Marine x2  
  135  22:49  Marauder, Marine  
  150  22:52  Marine x2  
  150  22:57  SCV  
  153  23:05  Marine  
  153  23:07  Missile Turret  
  153  23:09  Missile Turret x2  
  153  23:10  Missile Turret, Marauder  
  153  23:11  Missile Turret  
  156  23:16  Marauder  
  156  23:17  Siege Tank  
  156  23:19  Factory Tech Lab x3  
  161  23:20  Liberator x2  
  161  23:23  Starport Reactor  
  161  23:24  Advanced Ballistics  
  167  23:31  Marauder  
  169  23:38  Marauder  
  171  23:52  Ghost x2, Marine x2  
  171  23:53  Barracks Tech Lab x2, Marauder  
  163  24:03  Marine x3  
  163  24:04  Siege Tank x3, Widow Mine x2, Marauder  
  163  24:05  Widow Mine  
  177  24:14  Marauder  
  179  24:18  Marauder, Marine x3  
  179  24:19  Liberator, Medivac, Marauder  
  191  24:26  Widow Mine  
  191  24:31  Missile Turret  
  193  24:32  Missile Turret  
  193  24:35  Missile Turret  
  193  24:39  Planetary Fortress  
  193  24:50  Missile Turret  
  193  24:51  Marine x2  
  193  24:52  Marauder  
Show
View Real Time Build Order
Export as new Build Order

Bitcoin Zerg 

Build Orders: Hatch First 

Get SALT Encoding   

  12  0:01  Drone  
  13  0:13  Overlord  
  13  0:18  Drone  
  14  0:32  Drone x2  
  16  0:49  Hatchery  
  15  0:52  Drone  
  15  0:56  Drone  
  17  1:00  Drone  
  18  1:09  Extractor  
  17  1:17  Spawning Pool  
  16  1:20  Drone  
  16  1:23  Drone  
  18  1:28  Drone  
  19  1:39  Drone  
  20  1:49  Overlord  
  20  2:03  Queen x2  
  20  2:04  Zergling x4  
  26  2:23  Hatchery  
  26  2:28  Metabolic Boost  
  25  2:31  Drone  
  25  2:35  Drone  
  27  2:38  Drone  
  28  2:46  Queen  
  30  2:56  Zergling x4  
  32  2:59  Drone x3  
  32  3:05  Overlord  
  35  3:09  Overlord  
  35  3:17  Drone  
  34  3:29  Drone x2  
  34  3:31  Drone x2  
  36  3:36  Queen  
  36  3:41  Queen  
  38  3:42  Drone  
  38  3:44  Drone  
  38  3:47  Drone  
  43  3:52  Drone x2  
  43  3:54  Drone  
  46  3:57  Drone  
  46  3:58  Drone  
  46  4:02  Drone x2  
  50  4:08  Drone x3  
  53  4:10  Drone  
  53  4:15  Queen  
  56  4:27  Overlord x2  
  56  4:28  Extractor  
  56  4:29  Baneling Nest  
  53  4:34  Lair  
  53  4:44  Overlord x3  
  53  4:49  Zergling x8  
  57  4:56  Zergling x8  
  57  4:58  Zergling x2  
  57  4:59  Zergling x2  
  63  5:05  Zergling x4  
  65  5:08  Drone x4  
  65  5:10  Drone  
  65  5:14  Drone x2  
  72  5:15  Drone  
  72  5:17  Drone  
  72  5:18  Drone  
  72  5:19  Drone  
  76  5:29  Overlord  
  76  5:30  Overlord  
  76  5:31  Evolution Chamber  
  76  5:33  Drone, Evolution Chamber  
  76  5:34  Drone  
  76  5:35  Drone  
  77  5:48  Drone x9  
  85  5:52  Extractor  
  85  5:53  Extractor, Centrifugal Hooks  
  85  5:54  Drone  
  85  5:56  Drone  
  85  5:58  Drone, Baneling  
  85  5:59  Overseer  
  85  6:03  Zerg Ground Armor Level 1  
  85  6:04  Zerg Melee Weapons Level 1  
  86  6:05  Drone  
  86  6:11  Baneling x2  
  86  6:13  Extractor, Queen  
  86  6:14  Extractor, Queen  
  88  6:22  Drone x3  
  91  6:34  Drone  
  91  6:36  Drone x2  
  91  6:37  Drone  
  95  6:40  Overlord x4  
  95  6:44  Zergling x2  
  95  6:45  Zergling x6  
  99  6:50  Zergling x12  
  104  7:05  Drone  
  104  7:06  Drone  
  104  7:07  Drone  
  104  7:08  Zergling x4, Infestation Pit  
  109  7:09  Hatchery  
  109  7:10  Hatchery  
  109  7:13  Zergling x2  
  109  7:14  Zergling x8  
  109  7:25  Zergling x2  
  109  7:26  Zergling x4  
  109  7:27  Hatchery  
  111  7:30  Baneling x2  
  111  7:31  Baneling x12  
  108  7:39  Zergling x2  
  108  7:40  Zergling x10  
  114  7:46  Hatchery  
  114  7:51  Drone, Hatchery  
  112  7:57  Zerg Ground Armor Level 2  
  112  7:58  Zerg Melee Weapons Level 2  
  113  8:02  Zergling x10  
  118  8:14  Zergling x2  
  118  8:15  Zergling x18  
  118  8:19  Hive  
  128  8:22  Zergling x4  
  128  8:24  Drone x2  
  132  8:28  Drone x2  
  133  8:35  Pneumatized Carapace  
  133  8:41  Drone x8  
  141  8:48  Overlord x3  
  130  9:07  Zergling x24  
  138  9:12  Drone  
  138  9:13  Drone x3  
  138  9:15  Drone x5  
  128  9:24  Zergling x2  
  128  9:25  Zergling x20  
  128  9:30  Baneling x5  
  128  9:31  Baneling x4  
  139  9:33  Adrenal Glands  
  138  9:42  Zergling x20  
  141  9:55  Zergling x26  
  143  10:02  Zergling x10  
  140  10:09  Ultralisk Cavern  
  139  10:20  Overseer x3  
  139  10:21  Overseer  
  139  10:22  Zerg Ground Armor Level 3, Zerg Melee Weapons Level 3  
  139  10:24  Baneling x2, Hatchery  
  139  10:25  Baneling x11  
  139  10:27  Viper x3  
  139  10:28  Viper  
  149  10:36  Drone x4  
  149  10:42  Unknown  
  152  10:46  Overlord x2  
  152  10:48  Baneling x5  
  152  10:50  Hatchery  
  149  11:07  Baneling x16  
  149  11:10  Ultralisk x2  
  161  11:14  Chitinous Plating  
  161  11:17  Zergling x28  
  161  11:18  Zergling x4  
  175  11:22  Zergling x8  
  171  11:43  Zergling x18  
  171  11:44  Overlord x2  
  159  11:59  Ultralisk  
  159  12:00  Ultralisk x2  
  147  12:01  Zergling x2  
  147  12:02  Zergling x10  
  149  12:14  Zergling x24  
  159  12:22  Zergling x18  
  168  12:25  Drone x4  
  168  12:26  Drone  
  173  12:30  Viper x2  
  173  12:35  Baneling  
  173  12:36  Baneling x13  
  180  12:44  Zergling x18  
  188  13:01  Hatchery  
  168  13:19  Zergling x34  
  184  13:20  Zergling x14  
  184  13:22  Zergling x4  
  176  13:31  Ultralisk x3  
  192  13:40  Extractor  
  191  13:41  Extractor  
  191  13:42  Extractor  
  191  13:43  Extractor  
  191  13:45  Zergling x12  
  194  13:49  Baneling x15  
  194  13:50  Overlord x3  
  194  13:53  Anabolic Synthesis  
  194  13:54  Hatchery  
  166  14:10  Zergling x20  
  166  14:11  Zergling x22  
  160  14:29  Zergling x2  
  160  14:30  Zergling x40  
  181  14:38  Baneling  
  181  14:39  Overseer  
  181  14:40  Overseer  
  181  14:48  Zergling x2  
  181  14:49  Zergling x28  
  194  15:06  Baneling x3  
  194  15:07  Baneling x6  
  192  15:08  Baneling x10  
  192  15:09  Baneling x5  
  192  15:21  Zergling x8  
  192  15:22  Zergling x6  
  181  16:00  Infestor x4  
  165  16:13  Infestor  
  165  16:14  Infestor  
  165  16:17  Burrow  
  168  16:20  Ultralisk x2  
  168  16:21  Zergling x8  
  168  16:22  Overlord x2  
  181  16:46  Zergling x14  
  181  16:47  Zergling x22  
  187  17:19  Infestor  
  184  17:23  Infestor x5  
  162  17:38  Overseer x2  
  162  17:39  Overseer x3  
  162  17:41  Zergling x44  
  172  17:46  Overlord  
  172  17:47  Overlord  
  172  17:48  Baneling  
  172  17:49  Baneling x20  
  172  17:50  Zergling x26  
  182  18:03  Infestor x4  
  182  18:04  Infestor  
  102  19:02  Overlord x5  
  101  19:09  Zergling x28  
  120  19:10  Zergling x16  
  120  19:11  Ultralisk  
  120  19:12  Ultralisk x3  
  146  19:31  Zergling x30  
  151  19:35  Hatchery  
  160  19:42  Zergling x28  
  160  19:43  Zergling x6  
  177  19:49  Extractor  
  176  19:53  Zergling x22  
  187  20:02  Overseer  
  187  20:03  Overlord x2  
  187  20:04  Overlord  
  142  20:50  Zergling x40  
  142  20:51  Zergling x46  
  142  20:55  Zergling x2  
  142  20:56  Zergling x4  
  188  20:59  Baneling x9  
  188  21:00  Baneling x31  
  188  21:01  Baneling  
  188  21:14  Baneling  
  188  21:15  Baneling  
  188  21:16  Baneling x27  
  188  21:17  Infestor, Baneling x28  
  188  21:18  Baneling x6  
  187  21:20  Baneling x10  
  187  21:21  Baneling x29  
  187  21:23  Zergling x22  
  187  21:25  Hatchery  
  197  21:29  Zergling x4  
  72  22:39  Extractor  
  71  22:50  Zergling x28  
  71  22:51  Zergling x62  
  102  22:52  Zergling x18  
  102  22:58  Overseer  
  125  22:59  Overseer, Extractor  
  125  23:01  Extractor  
  123  23:10  Drone  
  124  23:19  Zergling x2  
  125  23:20  Zergling x22  
  131  23:30  Swarm Host x6  
  131  23:31  Swarm Host x8  
  167  23:48  Zergling x6  
  167  23:49  Zergling x16  
  122  24:44  Hydralisk Den  
Tags
 
Matchup
TvZ
Spawn Locations
Cross Positions
Add a new tag
Caveats
  • Supply blocks, unpowered buildings, or Contaminate may cause inaccurate times.
  • Supply counts are checked every 10 seconds.